 Dungeon Crawl Stone Soup version 0.18-a0-1748-g7377c14 (webtiles) character file.

221 dobroeutro the Shield-Bearer (level 5, -4/49 HPs)
             Began as a Gargoyle Fighter on Apr 12, 2016.
             Was an Initiate of Okawaru.
             Killed from afar by an orc wizard (5 damage)
             ... with a puff of flame
             ... on level 4 of the Dungeon.
             The game lasted 00:05:15 (2495 turns).

dobroeutro the Shield-Bearer (Gargoyle Fighter)     Turns: 2495, Time: 00:05:16

Health: -4/49      AC: 11    Str: 26    XL:     5   Next: 98%
Magic:  14/14      EV:  8    Int:  8    God:    Okawaru [......]
Gold:   125        SH: 10    Dex:  9    Spells: 0 memorised, 4 levels left

rFire  . . .     SeeInvis .     a - +0 flail
rCold  + . .     Gourm    .     b - +0 scale mail
rNeg   + . .     Faith    .     c - +0 shield
rPois  ∞         Spirit   .     (no helmet)
rElec  +         Dismiss  .     (no cloak)
rCorr  .         Reflect  .     (no gloves)
SustAt .         Harm     .     (no boots)
MR     .....                    (no amulet)
Stlth  ..........               m - ring of magical power
                                k - ring of protection from cold

@: berserking (expiring), very quick, not resistant to hostile enchantments,
extremely unstealthy
A: negative energy resistance 1, electricity resistance, unbreathing,
petrification resistance, rot immunity, AC +4
a: Renounce Religion


You were on level 4 of the Dungeon.
You worshipped Okawaru.
Okawaru was noncommittal.
You were very hungry.

You visited 1 branch of the dungeon, and saw 4 of its levels.

You collected 125 gold pieces.

Inventory:

Hand Weapons
 a - a +0 flail (weapon)
Armour
 b - a +0 scale mail (worn)
 c - a +0 shield (worn)
Jewellery
 k - a ring of protection from cold (left hand)
 m - a ring of magical power (right hand)
Scrolls
 e - 6 scrolls of identify {unknown}
 i - a scroll of fog {unknown}
 l - a scroll of immolation {unknown}
 n - 2 scrolls of remove curse {unknown}
 t - 2 scrolls of fear {unknown}
 v - a scroll of blinking {unknown}
 w - a scroll of random uselessness {unknown}
Potions
 d - a potion of might
 g - a potion of berserk rage
 h - a potion of agility {unknown}
 j - 2 potions of curing
 p - a potion of heal wounds {unknown}
 r - 2 potions of resistance {unknown}
 s - a potion of haste {unknown}
Comestibles
 f - 2 bread rations
 o - a slice of pizza
 q - 2 meat rations


   Skills:
 + Level 4.0 Fighting
 + Level 2.6 Maces & Flails
 + Level 4.8 Armour
 + Level 5.3 Shields


You had 4 spell levels left.
You didn't know any spells.

Dungeon Overview and Level Annotations

Branches:
Dungeon (4/15)
 Temple: D:4-7

Altars:
Okawaru


Innate Abilities, Weirdness & Mutations

You are resistant to torment.
Your stone body is resilient (AC +4).
You are immune to poison.
You resist negative energy.
You are resistant to electric shocks.
You can survive without breathing.
You are immune to petrification.
You are immune to rotting.


Message History

The orc wizard barely misses you.
You sock the phantom!
The phantom is almost destroyed.
The orc wizard hits you but does no damage.
The phantom gestures.
The phantom blinks!
The orc priest invokes the aid of Beogh against you.
Beogh smites you!
* * * LOW HITPOINT WARNING * * *
You hit the orc wizard.
The orc wizard is moderately wounded.
The orc wizard hits you with a dagger.
* * * LOW HITPOINT WARNING * * *
The phantom gestures.
The phantom blinks!
Your shield and scale mail prevent you from hitting the orc wizard.
The orc wizard is moderately wounded.
The orc wizard points at you and mumbles some strange words.
The puff of flame hits you!
You die...

###.#.# #.# .#[##.# #.#
...##.# #.# ......####.#
## #Z.........# #.
#.o#######.# #. #o.# #.#
### #. #.J#
#.########....§...#####.
#..# #oooZJo@§..#
#........
...#######w##########
#.######. ...ooJo.o..#
#.# #. ...Z#.####.# #.#
###. ...###.. #.# ##.##
#... ..#. #.##..
##...###.## .. # .#####
#.......... .. #
#......#.#. ##
##......#...


You could see a worm, an orc priest, an orc wizard, an ooze, 2 orcs and a hound
skeleton.

Vanquished Creatures
  A jelly (D:4)
  An iguana (D:4)
  A worker ant (D:4)
  6 adders
  An ooze (D:2)
  A worm (D:3)
  A dart slug (D:1)
  A giant gecko (D:4)
  6 orcs (D:3)
  A ball python (D:3)
  2 giant cockroaches (D:1)
  9 goblins
  5 hobgoblins
  8 jackals
  A quokka (D:3)
  5 bats
  4 giant newts
  11 kobolds
  6 rats
71 creatures vanquished.

Notes
Turn   | Place    | Note
--------------------------------------------------------------
     0 | D:1      | dobroeutro the Gargoyle Fighter began the quest for the Orb.
     0 | D:1      | Reached XP level 1. HP: 14/14 MP: 1/1
   117 | D:1      | Reached XP level 2. HP: 19/19 MP: 2/2
   577 | D:1      | Reached XP level 3. HP: 19/23 MP: 3/3
   620 | D:2      | Reached skill level 4 in Shields
   899 | D:2      | Reached XP level 4. HP: 13/29 MP: 4/4
  1325 | D:2      | Found an iron altar of Okawaru.
  1660 | D:2      | Became a worshipper of Warmaster Okawaru
  1893 | D:3      | Reached XP level 5. HP: 26/33 MP: 5/5
  2314 | D:4      | Reached skill level 5 in Shields
  2336 | D:4      | Noticed a phantom
  2493 | D:4      | HP: 2/49 [orc priest/divine providence (10)]
  2495 | D:4      | Killed from afar by an orc wizard

Vault maps used:
D:1:      dpeg_arrival_rhombi
D:2:      nicolae_overflow_hidden_temple
D:4:      serial_glass, glass_columns_a, glass_columns_b, first_bread

Skill      XL: |  1  2  3  4  5 |
---------------+----------------+-----
Shields        | 4 5 |  5.3
Armour         | 4 |  4.8
Fighting       | 4 |  4.0
Maces & Flails | |  2.6

Action                   |  1- 3 |  4- 6 || total
-------------------------+-------+-------++-------
Melee: Flail             |   185 |   185 ||   370
  Use: Potion            |       |     3 ||     3
  Eat: Chunk             |     1 |     4 ||     5
Armor: Scale mail        |   117 |   116 ||   233
Dodge: Dodged            |    66 |    74 ||   140
Block: Shield            |   109 |   121 ||   230
